 Dungeon Crawl Stone Soup version 0.30-a0-12-gd8047c6341 (webtiles) character file.

Game seed: 1139355181049317208

11309 ytrimaz the Cleaver (level 11, -2/91 HPs)
             Began as a Demonspawn Berserker on Aug 24, 2022.
             Was an Elder of Trog.
             Slain by a two-headed ogre
             ... wielding a +0 giant spiked club
              (11 damage)
             ... on level 11 of the Dungeon.
             The game lasted 00:14:16 (13846 turns).

ytrimaz the Cleaver (Demonspawn Berserker)         Turns: 13846, Time: 00:14:17

Health: -2/91      AC: 18    Str: 20    XL:     11   Next: 47%
Magic:  0/9        EV: 13    Int: 13    God:    Trog [****..]
Gold:   253        SH:  4    Dex: 19    Spells: 10/10 levels left

rFire   + . .      SeeInvis +    a - +1 hand axe
rCold   . . .      Faith    .    (no shield)
rNeg    . . .      Spirit   +    c - +2 troll leather armour "Jatimos" {Regen+ Int+4}
rPois   .          Reflect  .    (no helmet)
rElec   .          Harm     .    (no cloak)
rCorr   .          Rampage  .    (no gloves)
Will    ++...                    x - +0 pair of boots of Lesser Demons {SInv}
Stlth   +.........               C - amulet "Ybim" {Spirit Dex+5}
HPRegen 2.05/turn                G - ring of protection from fire
MPRegen 0.11/turn                s - +4 ring of protection

@: strong-willed, regenerating
A: molten scales 2, foul stench 1, icemail 1, condensation shield, weakness
stinger 2, low MP 1
a: Renounce Religion, Berserk, Trog's Hand, Brothers in Arms


You were on level 11 of the Dungeon.
You worshipped Trog.
Trog was greatly pleased with you.
You visited 2 branches of the dungeon, and saw 12 of its levels.

You collected 713 gold pieces.
You spent 460 gold pieces at shops.

Inventory:

Hand Weapons
 a - a +1 hand axe (weapon)
 b - a +3 battleaxe
 o - a +0 eveningstar
 E - a +0 war axe
 H - a +3 battleaxe of freezing
Armour
 c - the +2 troll leather armour "Jatimos" (worn) {Regen+ Int+4}
   (You bought it in a shop on level 4 of the Dungeon)

   Int:       It affects your intelligence (+4).
   Regen:     It increases your rate of health regeneration.
 w - a +3 leather armour of willpower
 x - the +0 pair of boots of Lesser Demons (worn) {SInv}
   (You found it on level 4 of the Dungeon)

   SInv:      It lets you see invisible.
Jewellery
 q - a ring of see invisible
 s - a +4 ring of protection (right hand)
 C - the amulet "Ybim" (around neck) {Spirit Dex+5}
   (You found it on level 10 of the Dungeon)

   [amulet of guardian spirit]

   It causes incoming damage to be divided between your reserves of health and
   magic.
   Dex:       It affects your dexterity (+5).
 G - a ring of protection from fire (left hand)
Wands
 k - a wand of charming (4)
 l - a wand of flame (33)
 p - a wand of roots (6)
 u - a wand of polymorph (7)
 B - a wand of digging (6)
Scrolls
 d - 7 scrolls of teleportation
 g - a scroll of enchant weapon
 j - 2 scrolls of magic mapping
 m - a scroll of enchant armour
 y - a scroll of silence
 A - 2 scrolls of fear
 D - 4 scrolls of identify
Potions
 e - 4 potions of heal wounds
 f - 4 potions of might
 h - 5 potions of curing
 n - 2 potions of haste
 r - 2 potions of lignification
 t - 2 potions of flight
 v - 2 potions of attraction
 F - a potion of ambrosia


   Skills:
 + Level 10.3 Fighting
 - Level 14.0 Axes
 + Level 1.7 Armour
 - Level 3.7 Dodging
 - Level 1.0 Shields


You had 10 spell levels left.
You didn't know any spells.
Your spell library was empty.

Dungeon Overview and Level Annotations

Branches:
Dungeon (11/15)            Temple (1/1) D:7            Lair (0/5) D:8
    Orc: D:9-12

Altars:
Ashenzari
Cheibriados
Dithmenos
Fedhas
Gozag
Hepliaklqana
Kikubaaqudgha
Makhleb
Nemelex Xobeh
Okawaru
Qazlal
Ru
Sif Muna
Trog
Uskayaw
Vehumet
Wu Jian
Xom
Yredelemnul

Shops:
D:2 (   D:3 [   D:4 [:*:[


Innate Abilities, Weirdness & Mutations

You are mostly covered in molten scales. (AC +3)
You may rarely emit foul miasma when damaged in melee.
A meltable icy envelope protects you from harm. (AC +4)
A meltable shield of frost defends you. (SH +4)
You have a tail ending in a sharp stinger.
Your magical capacity is low. (-10% MP)


Message History

The two-headed ogre is moderately wounded.
The orc wizard mumbles some strange words.
The orc wizard flickers and vanishes for a moment.
The two-headed ogre hits you with a +0 giant club!!
The two-headed ogre hits you with a +0 giant spiked club!
You emit a cloud of foul miasma!
You hit the two-headed ogre but do no damage.
The two-headed ogre is moderately wounded.
You barely miss the two-headed ogre.
The two-headed ogre is moderately wounded.
An orc comes into view. It is wielding a +0 dagger.
The two-headed ogre is engulfed in dark miasma.
The two-headed ogre is poisoned.
The two-headed ogre hits you with a +0 giant club!!
You block the two-headed ogre's attack.
You are too injured to fight recklessly!
You hit the two-headed ogre.
The two-headed ogre is moderately wounded.
A two-headed ogre comes into view.
It is wielding a +0 giant spiked club and a +0 giant club.
An orc comes into view.
It is wielding a +0 club and quivering silver boomerangs.
You are too injured to fight recklessly!
Unknown command.
The orc shouts!
You hit the two-headed ogre.
You tail-slap the two-headed ogre, but do no damage.
The two-headed ogre is heavily wounded.
You are too injured to fight recklessly!
Your skin crawls.
You feel strong-willed.
The two-headed ogre is engulfed in dark miasma.
The two-headed ogre looks even sicker.
The two-headed ogre hits you with a +0 giant club!
* * * LOW HITPOINT WARNING * * *
The two-headed ogre hits you with a +0 giant spiked club!!
* * * LOW HITPOINT WARNING * * *
You hit the two-headed ogre.
The two-headed ogre is severely wounded.
You hit the two-headed ogre.
The two-headed ogre hits you with a +0 giant spiked club!
You die...

#......... ..
#.........
...
#.$.......
...#
#...$..$[.
.'.#.........
#.#.........
#...........
##.<.......
..#
#.O@#######
#.# #.##O...#
#.# #. .#.##
#># # o. ..
###.######
.o. ..#
#........#
.... .#
#....###.#
.#o.# #
###...##.##
.#.##
......##..#


You could see 2 two-headed ogres, an orc wizard (invisible) and 2 orcs.

Vanquished Creatures
  Amaemon (D:8)
  Pikel (D:5)
  An orange demon (D:8)
  A gargoyle (D:5)
  Maggie (D:9)
  3 kobold demonologists (D:11)
  A komodo dragon (D:10)
  An unseen horror (D:11)
  Grinder (D:4)
  A hornet (D:6)
  Prince Ribbit (D:7)
  A wraith (D:11)
  Sigmund (D:3)
  12 yaks (D:10)
  Eustachio (D:4)
  The ghost of pdpol the Trooper, an amateur MiFi of Yredelemnul (D:3)
  2 wyverns (D:9)
  2 humans (D:9)
  2 steam dragons (D:8)
  Edmund (D:5)
  An acid dragon (D:10)
  3 water moccasins
  4 black bears
  An orc warrior (D:10)
  An ice beast (D:5)
  An ogre (D:6)
  2 centaurs
  3 phantoms
  2 bullfrogs
  4 kobold brigands
  2 necrophages (D:5)
  2 scorpions
  18 wights
  10 killer bees
  A howler monkey (D:6)
  A lava snake (D:8)
  A jelly (D:4)
  A gnoll bouda (D:6)
  3 orc priests
  8 hounds
  An iguana (D:5)
  3 orc wizards
  Ijyb (D:3)
  7 gnolls
  7 adders
  A shadow imp (D:4)
  A white imp (D:5)
  2 ufetubi
  3 worms
  A dart slug (D:4)
  21 orcs
  9 ball pythons
  5 bats
  4 endoplasms
  4 giant cockroaches
  3 goblins
  7 hobgoblins
  3 jackals (D:1)
  4 quokkas
  3 frilled lizards
  24 kobolds
  4 rats
223 creatures vanquished.

Vanquished Creatures (others)
  A fungus (D:1)
  4 plants (D:1)
5 creatures vanquished.

Grand Total: 228 creatures vanquished

Notes
Turn   | Place    | Note
-------+----------+-------------------------------------------
     0 | D:1      | ytrimaz the Demonspawn Berserker began the quest for the
                  | Orb.
     0 | D:1      | Reached XP level 1. HP: 18/18 MP: 1/1
    59 | D:1      | Gained mutation: You have a small tail. [demonic ancestry]
    59 | D:1      | Reached XP level 2. HP: 7/24 MP: 2/2
    62 | D:1      | Reached skill level 3 in Axes
  1024 | D:1      | Found a faded altar of an unknown god.
  1057 | D:1      | Reached XP level 3. HP: 28/29 MP: 3/3
  1735 | D:2      | Noticed a scorpion
  1744 | D:2      | Killed a scorpion
  1745 | D:2      | Reached XP level 4. HP: 33/37 MP: 4/4
  1965 | D:2      | Found Maejef's Weapon Emporium.
  2069 | D:2      | Reached ** piety under Trog
  2070 | D:2      | Reached skill level 4 in Axes
  2707 | D:3      | Noticed Sigmund
  2708 | D:3      | Noticed Ijyb
  2721 | D:3      | Killed Ijyb
  2722 | D:3      | Reached XP level 5. HP: 42/42 MP: 5/5
  2723 | D:3      | Killed Sigmund
  2724 | D:3      | Reached skill level 5 in Axes
  2724 | D:3      | Gained mutation: You may rarely emit foul miasma when
                  | damaged in melee. [demonic ancestry]
  2724 | D:3      | Reached XP level 6. HP: 48/48 MP: 6/6
  2832 | D:3      | Found Nemaf's Armour Emporium.
  3186 | D:3      | Found a runed translucent gate.
  3186 | D:3      | Noticed pdpol's ghost (amateur MiFi)
  3187 | D:3      | Found a runed translucent gate.
  3188 | D:3      | Found a runed translucent gate.
  3726 | D:3      | Found an ornate altar of the Wu Jian Council.
  3942 | D:3      | Killed pdpol's ghost
  3943 | D:3      | Reached skill level 6 in Axes
  3943 | D:3      | Gained mutation: You are partially covered in molten
                  | scales. (AC +2) [demonic ancestry]
  3943 | D:3      | Reached XP level 7. HP: 39/55 MP: 7/7
  4104 | D:4      | Noticed Grinder
  4115 | D:4      | Killed Grinder
  4182 | D:4      | Found Imimpueq's Book Shop.
  4251 | D:4      | Found Yzxaziss's General Store.
  4321 | D:4      | Noticed Eustachio
  4331 | D:4      | Reached skill level 5 in Fighting
  4331 | D:4      | Reached skill level 7 in Axes
  4360 | D:4      | Killed Eustachio
  4361 | D:4      | Gained mutation: You have a tail ending in a sharp stinger.
                  | [demonic ancestry]
  4361 | D:4      | Reached XP level 8. HP: 38/62 MP: 8/8
  4486 | D:4      | Identified the +0 pair of boots of Lesser Demons {SInv}
  4619 | D:4      | Found Zovaeg's Antique Armour Boutique.
  4788 | D:4      | Found a shadowy altar of Dithmenos.
  4957 | D:4      | Found Pah Lohesoba's Antique Armour Emporium.
  5034 | D:4      | Found Nenoe's Book Boutique.
  5244 | D:5      | Entered Level 5 of the Dungeon
  5246 | D:5      | Noticed Edmund
  5256 | D:5      | Killed Edmund
  5257 | D:5      | Reached skill level 8 in Axes
  5436 | D:5      | Found a basalt altar of Yredelemnul.
  5527 | D:5      | Noticed a gargoyle
  5534 | D:5      | Identified the +1 short sword of Higiol {antimagic, Str+2
                  | Int+4}
  5947 | D:5      | Noticed Pikel
  5970 | D:5      | Killed Pikel
  5971 | D:5      | Reached skill level 9 in Axes
  5971 | D:5      | Gained mutation: A meltable shield of frost defends you.
                  | (SH +4) [demonic ancestry]
  5971 | D:5      | Reached XP level 9. HP: 69/69 MP: 9/9
  6273 | D:5      | Found a snail-covered altar of Cheibriados.
  6281 | D:5      | Found a sacrificial altar of Ru.
  6345 | D:5      | Reached skill level 10 in Axes
  6366 | D:5      | Killed a gargoyle
  6561 | D:6      | Identified the +3 sling of Fuharrap {venom, Will+ Str+4
                  | Stlth+}
  6614 | D:6      | Reached *** piety under Trog
  6618 | D:6      | Reached skill level 1 in Shields
  6746 | D:6      | Found a blossoming altar of Fedhas.
  6827 | D:6      | Found a bloodstained altar of Trog.
  6846 | D:6      | Reached skill level 11 in Axes
  6851 | D:6      | Paralysed by a hornet for 2 turns
  7449 | D:7      | Gained mutation: You are mostly covered in molten scales.
                  | (AC +3) [demonic ancestry]
  7449 | D:7      | Reached XP level 10. HP: 55/79 MP: 10/10
  7736 | D:7      | Noticed Prince Ribbit
  7760 | D:7      | Killed Prince Ribbit
  7900 | D:7      | Found a staircase to the Ecumenical Temple.
  8526 | D:8      | Found a staircase to the Lair.
  8569 | D:8      | Noticed an orange demon
  8570 | D:8      | Noticed Amaemon
  8584 | D:8      | Killed an orange demon
  8595 | D:8      | Killed Amaemon
  8596 | D:8      | Reached skill level 12 in Axes
 10044 | D:9      | Noticed Maggie
 10065 | D:9      | HP: 4/82 [Maggie/puff of flame (2)]
 10082 | D:9      | Killed Maggie
 10383 | D:9      | Found an iron altar of Okawaru.
 10666 | D:9      | Reached skill level 13 in Axes
 11249 | D:9      | Found a shimmering blue altar of Sif Muna.
 11543 | D:10     | Entered Level 10 of the Dungeon
 11621 | D:10     | Gained mutation: A meltable icy envelope protects you from
                  | harm. (AC +4) [demonic ancestry]
 11621 | D:10     | Reached XP level 11. HP: 37/89 MP: 11/11
 11885 | D:10     | Reached **** piety under Trog
 12760 | D:10     | Identified the amulet "Ybim" {Spirit Dex+5}
 12919 | D:11     | Gained mutation: Your magical capacity is low. (-10% MP) [a
                  | neqoxec]
 13156 | D:11     | Reached skill level 10 in Fighting
 13237 | D:11     | Reached skill level 14 in Axes
 13430 | D:4      | Bought a fine troll leather armour for 460 gold pieces
 13430 | D:4      | Identified the +2 troll leather armour "Jatimos" {Regen+
                  | Int+4} (You bought it in a shop on level 4 of the Dungeon)
 13559 | Temple   | Entered the Ecumenical Temple
 13835 | D:11     | Noticed a two-headed ogre
 13843 | D:11     | Noticed a two-headed ogre
 13846 | D:11     | Slain by a two-headed ogre

Illustrated notes

Levels and vault maps discovered:
D:1:      minmay_arrival_cross, layout_rooms,
          shapermc_ecumenical_altar_mp_ritualfount, serial_aquarium,
          aquarium_bridge_square [aquarium_subvault_wall,
          aquarium_subvault_bridge, aquarium_subvault_window,
          aquarium_subvault_bridge], aquarium_window_corner,
          aquarium_window_fake, aquarium_window_2, aquarium_window_fake,
          aquarium_view_2d
D:2:      layout_loops_ring, serial_shops, nicolae_shop_bloodbath_and_beyond
D:3:      layout_rooms, nzn_wu_jian_council_hall, nicolae_elyvilon_temple_path,
          serial_shops, nicolae_shop_hallway_plus,
          gammafunk_ghost_nasty_kobolds, uniq_ijyb, uniq_sigmund
D:4:      layout_loops_ring, grunt_dithmenos_smoke, serial_shops,
          nicolae_shop_waterfront, shop, nicolae_shop_window_shopping,
          nicolae_shop_waterfront, shop, eino_tiny_chamber, uniq_eustachio,
          uniq_grinder
D:5:      minmay_clustersquares, layout_basic, kennysheep_mini,
          grunt_temple_overflow_diamond, uniq_edmund, uniq_pikel
D:6:      layout_rooms, fedhas_ov_isle_minmay, hex_large, minmay_statues_item,
          supply_closet_lemuel, minmay_ruined_shrine
D:7:      layout_cave_pods, minmay_temple_entry_grid, uniq_prince_ribbit1
D:8:      layout_basic, lair_entry_dummy, kennysheep_potato, uniq_amaemon
D:9:      layout_loops_cross, nicolae_sif_muna_little_library, okawaru_humans,
          amcnicky_mini_pool_small, roderic_lattice_a, uniq_maggie
D:10:     layout_roguey
D:11:     layout_basic
Temple:   minmay_temple_bridge_abc

Skill      XL: |  1  2  3  4  5  6  7  8  9 10 11 |
---------------+----------------------------------+-----
Axes           | 3 4 5 6 7 9 11 13 14 | 14.0
Dodging        | 2 3 |  3.7
Fighting       | 4 5 6 7 9 10 | 10.3
Shields        | 1 |  1.0
Armour         | |  1.7

Action                   |  1- 3 |  4- 6 |  7- 9 | 10-12 || total
-------------------------+-------+-------+-------+-------++-------
Melee: Hand axe          |   101 |    84 |   324 |   441 ||   950
       Tailslap          |     8 |     9 |    44 |    84 ||   145
       Punch             |     1 |     1 |     9 |     5 ||    16
Invok: Berserk           |     2 |     3 |     6 |     7 ||    18
       Trog's Hand       |       |       |       |     2 ||     2
  Use: Scroll            |     5 |     6 |     7 |     7 ||    25
       Potion            |       |       |       |     7 ||     7
 Stab: Sleeping          |       |     2 |       |       ||     2
Armor: Animal skin       |    23 |     7 |    20 |       ||    50
       Leather armour    |       |       |   122 |   133 ||   255
       Skin              |       |       |       |     9 ||     9
       Troll leather arm |       |       |       |     1 ||     1
Dodge: Dodged            |    86 |    55 |   229 |   234 ||   604
Block: Other             |       |       |    45 |    59 ||   104

Table legend: (Time is in decaauts)
 A = Elapsed time spent in this place.
 B = Non-inter-level travel time spent in this place.
 C = Inter-level travel time spent in this place.
 D = Time resting spent in this place.
 E = Time spent auto-exploring this place.
 F = Levels seen in this place.
 G = Mean time per level.
                   A        B        C        D        E       F      G
               +--------+--------+--------+--------+--------+-----+--------+
         Total |  13829 |  13229 |    600 |    420 |  11083 |  12 | 1152.4 |
       Dungeon |  13628 |  13050 |    578 |    420 |  10910 |  11 | 1238.9 |
        Temple |    201 |    179 |     22 |      0 |    173 |   1 |  201.0 |
               +--------+--------+--------+--------+--------+-----+--------+

Top non-repeatable levels by time:
     D:9: 1582 daAuts
     D:3: 1551 daAuts
     D:8: 1534 daAuts
     D:1: 1434 daAuts
    D:10: 1377 daAuts
     D:5: 1371 daAuts
     D:4: 1201 daAuts
     D:2: 1186 daAuts
     D:7: 1104 daAuts
     D:6: 903 daAuts
    D:11: 380 daAuts
  Temple: 201 daAuts
